 Dungeon Sprint DCSS version 0.14-a0-1817-gb992dfe (webtiles) character file.

37072 Nordon the Pulveriser (level 13, -28/96 HPs)
             Began as a Gargoyle Gladiator on Jan 10, 2014.
             Was the Champion of Makhleb.
             Killed from afar by a tengu reaver (35 damage)
             ... with a bolt of magma
             ... in the Dungeon (Sprint IX: "|||||||||||||||||||||||||||||").
             The game lasted 00:09:57 (2640 turns).

Nordon the Pulveriser (Gargoyle Gladiator)          Turns: 2640, Time: 00:09:57

HP -28/96        AC 33     Str 21      XL: 13   Next: 91%
MP  13/13        EV  9     Int  8      God: Makhleb [******]
Gold 435         SH  0     Dex 14      Spells:  0 memorised, 12 levels left

rFire  + . .     SeeInvis .     p - +8 quarterstaff (speed)
rCold  . . .     Clarity  .     r - +0 dwarf plate armour
rNeg   + . .     Conserve .     (no shield)
rPois  +         rCorr    .     C - +2 wizard hat {MR+}
rElec  +         rRot     +     (no cloak)
SustAb . .       Spirit   .     b - +0 pair of gloves
rMut   .         Warding  .     B - +0 pair of orc boots
Saprov . . .     NoTele   +     (no amulet)
                                q - ring of protection from fire
                                h - +0,+7 ring of slaying

@: exhausted, slowed, very slow, quite resistant to hostile enchantments,
extremely unstealthy
A: life protection 1, electricity resistance, unbreathing, petrification
resistance, AC +9
a: Minor Destruction, Lesser Servant of Makhleb, Major Destruction, Greater
Servant of Makhleb, Renounce Religion


You were in the Dungeon.
You worshipped Makhleb.
Makhleb was exalted by your worship.
You were very hungry.

You visited 1 branch You collected 1918 gold pieces.
You spent 1483 gold pieces at shops.

Inventory:

Hand weapons
 a - a +0,+0 quarterstaff
 p - a +8,+8 quarterstaff of speed (weapon)
 I - a +0,+1 quarterstaff of speed
Missiles
 d - 3 throwing nets (quivered)
Armour
 b - a +0 pair of gloves (worn)
 r - a +0 dwarven plate armour (worn)
 B - a +0 pair of orcish boots (worn)
 C - a +2 wizard hat of magic resistance (worn)
Magical devices
 o - a wand of draining (7)
Comestibles
 f - 13 bread rations
 w - a royal jelly
 x - a pear
 z - 40 strawberries
 A - 12 meat rations
 J - a chunk of sea snake flesh
Scrolls
 k - 2 scrolls of blinking
 m - 4 scrolls of remove curse
 n - 2 scrolls of amnesia
 y - 3 scrolls of recharging
 F - 2 scrolls of enchant armour
 G - a scroll of identify
Jewellery
 c - an uncursed ring of protection from magic
 h - a +0,+7 ring of slaying (left hand)
 q - a ring of protection from fire (right hand)
 s - a +2 ring of evasion
 t - a +3 ring of strength
 D - an uncursed ring of protection from fire
Potions
 e - a potion of invisibility
 i - 4 potions of magic
 j - 2 potions of berserk rage
 l - 7 potions of curing
 u - 2 potions of restore abilities
 v - 2 potions of might
 E - a potion of speed


   Skills:
 + Level 17.5 Fighting
 * Level 23.3 Staves
 - Level 2.0 Throwing
 + Level 17.3 Armour
 + Level 14.1 Dodging


You had 12 spell levels left.
You didn't know any spells.

Dungeon Overview and Level Annotations

Branches:
Dungeon (1/1)

Altars:
Ashenzari
Cheibriados
Elyvilon
Fedhas
Kikubaaqudgha
Makhleb
Nemelex Xobeh
Okawaru
Sif Muna
Trog
Vehumet
Xom
Yredelemnul
Zin
the Shining One

Shops:
D **?=


Innate Abilities, Weirdness & Mutations

You are resistant to torment.
You are immune to poison.
Your stone body is very resilient (AC +9).
You resist negative energy.
You are resistant to electric shocks.
You can survive without breathing.
You are immune to petrification.


Message History

Unknown command.
Drink which item? (? for menu, Esc to quit)
Okay, then.
Put on which piece of jewellery? (? for menu, Esc to quit)
You're wearing all the rings you can.
Remove which one? (? for menu, Esc to cancel) < or
h - a +0,+7 ring of slaying; > or
t - a +3 ring of strength You remove your +3 ring of strength.
You feel weaker.
The gnoll falls off the wall.
The giant mite changes into a gnoll!
The tengu reaver hits you but does no damage.
The tengu reaver pecks you but does no damage.
The tengu reaver claws you but does no damage.
The wizard gestures wildly while chanting.
The wizard blinks!
q - a ring of protection from fire (right hand)
The gnoll changes into an orange rat!
The tengu reaver points at you and mumbles some strange words.
The bolt of magma hits you! You partially resist.
You die...

▓.▓.▓%▓.▓)▓.▓.▓.▓.
▓'▓.▓%▓.▓)▓.▓)▓.▓.
▓)▓.▓)▓.▓)▓.▓.▓.▓.
▓(▓.▓%▓.▓)▓.▓.▓.▓.
▓)▓.▓.▓.▓)▓.▓.▓.▓.
▓%▓.▓)▓.▓)▓.▓%▓.▓'
▓.▓.▓%▓.▓)▓.▓.▓.▓%
▓(▓.▓.▓.▓.▓.▓.▓.▓%
▓@▓.▓.▓.▓[▓.▓)▓.▓.
▓H▓.♣'♣.▓[▓.▓.▓)▓.
▓C▓.♣%♣.▓[▓.▓.▓.▓%
▓*▓.♣§♣.▓[▓.▓'▓.▓.
▓r▓.♣%♣.▓[▓.▓)▓.▓.
▓N▓.♣%♣.▓[▓.▓)▓.▓.
▓C▓.♣.♣.▓[▓.▓)▓.▓%
▓c▓.♣.♣.▓[▓.▓)▓.▓%
▓@▓.♣.♣.▓.▓.▓)▓.▓%


You could see a tengu reaver, an ettin, a hill giant, a centaur warrior, a
wizard, a naga mage and an orange rat shaped shifter.

Vanquished Creatures
  A golden dragon (D)
  A frost giant (D)
  Gastronok (D)
  2 stone giants (D)
  2 yaktaur captains (D)
  5 hydras (D)
  Harold (D)
  5 ogre magi (D)
  An anaconda (D)
  2 alligators (D)
  A fire crab (shapeshifter) (D)
  A naga warrior (D)
  A centaur warrior (D)
  2 sea snakes (D)
  2 hill giants (D)
  Joseph (D)
  2 wolf spiders (D)
  2 orc knights (D)
  A griffon (D)
  2 red wasps (D)
  A cyclops (D)
  An orc sorcerer (D)
  Maurice (D)
  An elephant (D)
  5 black mambas (D)
  3 spiny frogs (D)
  A demonic crawler (D)
  A mermaid (D)
  A fire drake (shapeshifter) (D)
  5 two-headed ogres (D)
  A snapping turtle (D)
  2 blink frogs (D)
  A bog body (D)
  2 redbacks (D)
  2 ugly things (D)
  A tarantella (D)
  A merfolk (D)
  2 yaks (D)
  4 hippogriffs (D)
  4 wolves (D)
  2 manticores (D)
  A porcupine (D)
  A sky beast (shapeshifter) (D)
  A hell hound (D)
  2 nagas (D)
  12 orc warriors (D)
  4 ogres (D)
  A centaur (D)
  3 giant frogs (D)
  A crocodile (D)
  4 wargs (D)
  2 water moccasins (D)
  2 crimson imps (D)
  2 hounds (D)
  3 orc priests (D)
  A spider (D)
  A scorpion (D)
  3 orc wizards (D)
  2 worker ants (D)
  4 adders (D)
  6 orcs (D)
  2 bats (D)
  3 hobgoblins (D)
  A giant spore (D)
  A goblin (D)
  2 kobolds (D)
  A kobold skeleton (D)
  2 rats (D)
  A rat skeleton (D)
  A plant (D)
148 creatures vanquished.

Vanquished Creatures (others)
  A giant spore (D)
  A rat skeleton (D)
2 creatures vanquished.

Grand Total: 150 creatures vanquished

Notes
Turn   | Place    | Note
--------------------------------------------------------------
     0 | D        | Nordon, the Gargoyle Gladiator, began the quest for the Orb.
     0 | D        | Reached XP level 1. HP: 12/12 MP: 1/1
    22 | D        | Reached skill level 1 in Armour
    23 | D        | Reached skill level 4 in Staves
   309 | D        | Noticed a crimson imp
   316 | D        | Reached XP level 2. HP: 16/18 MP: 2/2
   340 | D        | Killed a crimson imp
   340 | D        | Reached skill level 5 in Staves
   340 | D        | Reached XP level 3. HP: 4/24 MP: 3/3
   346 | D        | Found an iron altar of Okawaru.
   346 | D        | Found a deep blue altar of Sif Muna.
   346 | D        | Found a basalt altar of Yredelemnul.
   346 | D        | Found a radiant altar of Vehumet.
   346 | D        | Found a white marble altar of Elyvilon.
   346 | D        | Found an ancient bone altar of Kikubaaqudgha.
   346 | D        | Found a burning altar of Makhleb.
   347 | D        | Found a glowing silver altar of Zin.
   348 | D        | Found a shattered altar of Ashenzari.
   349 | D        | Found a glowing golden altar of the Shining One.
   350 | D        | Found a snail-covered altar of Cheibriados.
   351 | D        | Found a blossoming altar of Fedhas.
   352 | D        | Found a sparkling altar of Nemelex Xobeh.
   353 | D        | Found a bloodstained altar of Trog.
   354 | D        | Found a shimmering altar of Xom.
   355 | D        | Found a white marble altar of Elyvilon.
   357 | D        | Became a worshipper of Makhleb the Destroyer
   378 | D        | Acquired Makhleb's first power
   436 | D        | Found a burning altar of Makhleb.
   582 | D        | Noticed a worker ant
   582 | D        | Noticed a worker ant
   582 | D        | Noticed a crimson imp
   582 | D        | Noticed a giant frog
   582 | D        | Noticed a hound
   587 | D        | Killed a worker ant
   587 | D        | Reached skill level 6 in Staves
   587 | D        | Reached XP level 4. HP: 30/30 MP: 4/4
   591 | D        | Killed a worker ant
   595 | D        | Acquired Makhleb's second power
   597 | D        | Killed a crimson imp
   597 | D        | Reached skill level 5 in Fighting
   597 | D        | Reached skill level 7 in Staves
   597 | D        | Reached XP level 5. HP: 33/35 MP: 5/5
   603 | D        | Killed a giant frog
   603 | D        | Reached skill level 8 in Staves
   603 | D        | Reached skill level 5 in Armour
   613 | D        | Killed a hound
   613 | D        | Reached skill level 5 in Dodging
   613 | D        | Reached XP level 6. HP: 41/41 MP: 6/6
   615 | D        | Acquired Makhleb's third power
   625 | D        | Noticed a yak
   625 | D        | Noticed a centaur
   625 | D        | Noticed a yak
   625 | D        | Noticed a green ugly thing
   635 | D        | Killed a yak
   635 | D        | Reached skill level 10 in Staves
   640 | D        | Killed a centaur
   640 | D        | Reached XP level 7. HP: 48/48 MP: 7/7
   648 | D        | Killed a yak
   648 | D        | Acquired Makhleb's fourth power
   648 | D        | Reached skill level 11 in Staves
   664 | D        | Killed a green ugly thing
   787 | D        | Noticed a porcupine
   787 | D        | Noticed a crocodile
   787 | D        | Noticed a hound
   789 | D        | Killed a porcupine
   789 | D        | Acquired Makhleb's fifth power
   793 | D        | Noticed a hippogriff
   794 | D        | Killed a crocodile
   794 | D        | Reached skill level 12 in Staves
   794 | D        | Reached XP level 8. HP: 55/55 MP: 8/8
   796 | D        | Noticed a scorpion
   810 | D        | Killed a hound
   821 | D        | Killed a hippogriff
   825 | D        | Killed a scorpion
   831 | D        | Noticed a hippogriff
   831 | D        | Noticed a water moccasin
   831 | D        | Noticed an elephant
   831 | D        | Noticed a hippogriff
   831 | D        | Noticed a wolf
   831 | D        | Noticed a giant frog
   831 | D        | Noticed an eight-headed hydra
   836 | D        | Killed a hippogriff
   840 | D        | Noticed a blink frog
   844 | D        | Noticed a water moccasin
   845 | D        | Killed a water moccasin
   863 | D        | Killed an elephant
   863 | D        | Reached skill level 13 in Staves
   875 | D        | Killed a hippogriff
   875 | D        | Reached XP level 9. HP: 62/62 MP: 9/9
   881 | D        | Killed a blink frog
   881 | D        | Reached skill level 10 in Fighting
   891 | D        | Killed a wolf
   891 | D        | Reached skill level 14 in Staves
   891 | D        | Reached skill level 10 in Armour
   895 | D        | Killed a giant frog
   904 | D        | Killed an eight-headed hydra
   908 | D        | Killed a water moccasin
   920 | D        | Noticed a wolf
   920 | D        | Noticed a wolf
   920 | D        | Noticed a hell hound
   920 | D        | Noticed a warg
   920 | D        | Noticed a warg
   920 | D        | Noticed a warg
   920 | D        | Noticed a wolf
   929 | D        | Killed a wolf
   929 | D        | Reached skill level 15 in Staves
   936 | D        | Killed a hell hound
   945 | D        | Killed a wolf
   946 | D        | Noticed a warg
   952 | D        | Killed a warg
   952 | D        | Reached XP level 10. HP: 70/70 MP: 10/10
   958 | D        | Killed a warg
   963 | D        | Killed a warg
   965 | D        | Killed a wolf
   972 | D        | Killed a warg
  1053 | D        | Noticed Harold
  1070 | D        | Killed Harold
  1070 | D        | Reached skill level 16 in Staves
  1110 | D        | Noticed an orc wizard
  1110 | D        | Noticed an orc priest
  1110 | D        | Noticed an orc knight
  1110 | D        | Noticed an orc priest
  1110 | D        | Noticed an orc warrior
  1129 | D        | Killed an orc wizard
  1151 | D        | Killed an orc knight
  1155 | D        | Noticed an orc warrior
  1166 | D        | Killed an orc priest
  1173 | D        | Killed an orc warrior
  1193 | D        | Killed an orc warrior
  1196 | D        | Killed an orc priest
  1223 | D        | Noticed an orc wizard
  1227 | D        | Noticed an orc priest
  1229 | D        | Killed an orc wizard
  1237 | D        | Killed an orc priest
  1239 | D        | Noticed an orc wizard
  1249 | D        | Killed an orc wizard
  1301 | D        | Noticed an orc warrior
  1301 | D        | Noticed an orc knight
  1301 | D        | Noticed an orc warrior
  1301 | D        | Noticed an orc warrior
  1301 | D        | Noticed an orc sorcerer
  1301 | D        | Noticed an orc warrior
  1301 | D        | Noticed an orc warrior
  1302 | D        | Noticed an orc warrior
  1316 | D        | Killed an orc knight
  1317 | D        | Noticed an orc warrior
  1323 | D        | Killed an orc sorcerer
  1323 | D        | Reached skill level 10 in Dodging
  1324 | D        | Noticed an orc warrior
  1332 | D        | Killed an orc warrior
  1335 | D        | Noticed an orc warrior
  1336 | D        | Killed an orc warrior
  1340 | D        | Killed an orc warrior
  1340 | D        | Reached skill level 17 in Staves
  1345 | D        | Killed an orc warrior
  1354 | D        | Killed an orc warrior
  1365 | D        | Killed an orc warrior
  1375 | D        | Killed an orc warrior
  1375 | D        | Reached XP level 11. HP: 42/76 MP: 11/11
  1384 | D        | Killed an orc warrior
  1400 | D        | Killed an orc warrior
  1500 | D        | Found Thy Meiwk's General Store.
  1500 | D        | Noticed a two-headed ogre
  1500 | D        | Noticed an ogre mage
  1500 | D        | Noticed an ogre mage
  1500 | D        | Noticed an ogre
  1500 | D        | Noticed an ogre
  1500 | D        | Noticed an ogre mage
  1504 | D        | Noticed a two-headed ogre
  1507 | D        | Killed an ogre mage
  1508 | D        | Found Achipomn's General Store.
  1510 | D        | Killed a two-headed ogre
  1511 | D        | Noticed an ogre mage
  1520 | D        | Killed an ogre mage
  1521 | D        | Found Orrante's Magic Scroll Emporium.
  1533 | D        | Killed an ogre mage
  1533 | D        | Reached skill level 18 in Staves
  1536 | D        | Killed a two-headed ogre
  1540 | D        | Killed an ogre
  1542 | D        | Killed an ogre
  1544 | D        | Noticed a two-headed ogre
  1544 | D        | Found Ralecluf's Jewellery Shoppe.
  1549 | D        | Noticed a two-headed ogre
  1551 | D        | Killed an ogre mage
  1555 | D        | Killed a two-headed ogre
  1556 | D        | Noticed an ogre
  1557 | D        | Noticed an ogre
  1560 | D        | Killed a two-headed ogre
  1562 | D        | Noticed a two-headed ogre
  1565 | D        | Killed an ogre
  1569 | D        | Killed an ogre
  1574 | D        | Killed a two-headed ogre
  1614 | D        | Bought a scroll of enchant weapon II for 77 gold pieces
  1614 | D        | Bought a scroll of enchant weapon II for 77 gold pieces
  1741 | D        | Bought a +0,+7 ring of slaying for 1329 gold pieces
  1777 | D        | Noticed Gastronok
  1794 | D        | Killed Gastronok
  1794 | D        | Reached skill level 19 in Staves
  1829 | D        | Noticed Maurice
  1837 | D        | Killed Maurice
  1909 | D        | Noticed a griffon
  1909 | D        | Noticed a giant frog
  1909 | D        | Noticed a brown ugly thing
  1909 | D        | Noticed an orc warrior
  1909 | D        | Noticed a cyclops
  1915 | D        | Killed a griffon
  1918 | D        | Noticed a hill giant
  1921 | D        | Killed a giant frog
  1925 | D        | Killed a brown ugly thing
  1928 | D        | Noticed a centaur warrior
  1930 | D        | Killed an orc warrior
  1931 | D        | Noticed a five-headed hydra
  1934 | D        | Killed a cyclops
  1934 | D        | Reached XP level 12. HP: 86/86 MP: 12/12
  1936 | D        | Noticed a hill giant
  1938 | D        | Noticed a four-headed hydra
  1940 | D        | Killed a hill giant
  1941 | D        | Noticed a yaktaur captain
  1946 | D        | Killed a centaur warrior
  1950 | D        | Noticed a five-headed hydra
  1955 | D        | Killed a five-headed hydra
  1959 | D        | Killed a hill giant
  1967 | D        | Killed a four-headed hydra
  1967 | D        | Reached skill level 20 in Staves
  1978 | D        | Killed a yaktaur captain
  1978 | D        | Reached skill level 15 in Fighting
  1984 | D        | Killed a five-headed hydra
  2084 | D        | Noticed Joseph
  2097 | D        | Killed Joseph
  2097 | D        | Reached skill level 15 in Armour
  2192 | D        | Noticed an anaconda
  2192 | D        | Noticed a black mamba
  2192 | D        | Noticed a naga
  2192 | D        | Noticed a black mamba
  2192 | D        | Noticed a black mamba
  2192 | D        | Noticed a black mamba
  2198 | D        | Noticed a naga
  2202 | D        | Killed an anaconda
  2204 | D        | Noticed a black mamba
  2212 | D        | Killed a black mamba
  2219 | D        | Killed a naga
  2223 | D        | Killed a black mamba
  2228 | D        | Killed a black mamba
  2233 | D        | Killed a black mamba
  2240 | D        | Killed a naga
  2245 | D        | Killed a black mamba
  2249 | D        | Noticed an alligator
  2249 | D        | Noticed a spiny frog
  2249 | D        | Noticed a spiny frog
  2249 | D        | Noticed an alligator
  2249 | D        | Noticed a spiny frog
  2249 | D        | Noticed a bog body
  2250 | D        | Noticed a four-headed hydra
  2256 | D        | Killed an alligator
  2256 | D        | Reached skill level 21 in Staves
  2257 | D        | Noticed a blink frog
  2265 | D        | Killed a spiny frog
  2271 | D        | Killed a spiny frog
  2281 | D        | Killed an alligator
  2286 | D        | Killed a spiny frog
  2286 | D        | Reached XP level 13. HP: 93/93 MP: 13/13
  2289 | D        | Killed a bog body
  2296 | D        | Killed a four-headed hydra
  2301 | D        | Noticed a tarantella
  2301 | D        | Noticed a red wasp
  2301 | D        | Noticed a wolf spider
  2301 | D        | Noticed a spider
  2301 | D        | Noticed a red wasp
  2301 | D        | Noticed a demonic crawler
  2301 | D        | Noticed a wolf spider
  2303 | D        | Killed a tarantella
  2307 | D        | Noticed a redback
  2308 | D        | Killed a red wasp
  2309 | D        | Noticed a redback
  2314 | D        | Killed a wolf spider
  2318 | D        | Killed a spider
  2327 | D        | Killed a red wasp
  2332 | D        | Killed a wolf spider
  2337 | D        | Killed a blink frog
  2342 | D        | Killed a demonic crawler
  2344 | D        | Killed a redback
  2349 | D        | Killed a redback
  2357 | D        | Noticed a snapping turtle
  2357 | D        | Noticed a manticore
  2357 | D        | Noticed a merfolk
  2357 | D        | Noticed a manticore
  2357 | D        | Noticed a hippogriff
  2357 | D        | Noticed a mermaid
  2358 | D        | Noticed a sea snake
  2358 | D        | Noticed a sea snake
  2373 | D        | Killed a snapping turtle
  2378 | D        | Killed a manticore
  2388 | D        | Killed a merfolk
  2394 | D        | Killed a manticore
  2399 | D        | Killed a hippogriff
  2399 | D        | Reached skill level 22 in Staves
  2406 | D        | Killed a mermaid
  2418 | D        | Killed a sea snake
  2429 | D        | Killed a sea snake
  2539 | D        | Noticed a sky beast
  2539 | D        | Noticed an ogre mage
  2539 | D        | Noticed a stone giant
  2539 | D        | Noticed a yaktaur captain
  2539 | D        | Noticed a naga warrior
  2539 | D        | Noticed a golden dragon
  2539 | D        | Noticed a fire crab
  2541 | D        | Killed a sky beast
  2542 | D        | Noticed a stone giant
  2550 | D        | Killed an ogre mage
  2551 | D        | Noticed a polar bear
  2554 | D        | Noticed a frost giant
  2559 | D        | Killed a stone giant
  2561 | D        | Noticed a tengu reaver
  2576 | D        | Killed a yaktaur captain
  2577 | D        | Noticed an ettin
  2586 | D        | a polar bear changed into a fire drake
  2594 | D        | Killed a naga warrior
  2602 | D        | Killed a golden dragon
  2603 | D        | Noticed a mottled dragon
  2609 | D        | Killed a fire crab
  2609 | D        | Reached skill level 23 in Staves
  2610 | D        | Noticed a naga mage
  2616 | D        | Noticed a hill giant
  2621 | D        | Killed a stone giant
  2624 | D        | Noticed a centaur warrior
  2624 | D        | a mottled dragon changed into a giant frog
  2633 | D        | Killed a frost giant
  2634 | D        | Noticed a wizard
  2640 | D        | Killed from afar by a tengu reaver

Action                   |  1- 3 |  4- 6 |  7- 9 | 10-12 | 13-15 || total
-------------------------+-------+-------+-------+-------+-------++-------
Melee: Quarterstaff      |    52 |    38 |   155 |   430 |   206 ||   881
  Use: Potion            |     1 |       |       |     3 |     2 ||     6
       Scroll            |       |       |     4 |     4 |       ||     8
 Stab: Confused          |       |       |     2 |       |       ||     2
